 Dungeon Crawl Stone Soup version 0.28.0-53-g5a82cb258f (webtiles) character file.

Game seed: 6362729971320439882

265 sanboga the Chopper (level 5, -5/70 HPs)
             Began as a Minotaur Berserker on Aug 17, 2022.
             Was a Believer of Trog.
             Slain by a killer bee (9 damage)
             ... on level 4 of the Dungeon.
             The game lasted 00:02:34 (3386 turns).

sanboga the Chopper (Minotaur Berserker)            Turns: 3386, Time: 00:02:34

Health: -5/70      AC:  2    Str: 24    XL:     5   Next: 99%
Magic:  4/4        EV: 12    Int:  4    God:    Trog [**....]
Gold:   112        SH:  0    Dex:  9    Spells: 4/4 levels left

rFire   . . .      SeeInvis .   a - +0 hand axe
rCold   . . .      Faith    .   (no shield)
rNeg    . . .      Spirit   .   b - +0 animal skin
rPois   .          Reflect  .   (helmet restricted)
rElec   .          Harm     .   (no cloak)
rCorr   .          Rampage  .   (no gloves)
Will    .....                   (no boots)
Stlth   ..........              (no amulet)
HPRegen 0.21/turn               (no ring)
MPRegen 0.09/turn               (no ring)

@: berserking, lethally poisoned (-5 -> -16), very quick
A: horns 2, retaliatory headbutt
a: Renounce Religion, Berserk, Trog's Hand


You were on level 4 of the Dungeon.
You worshipped Trog.
Trog was pleased with you.
You visited 1 branch of the dungeon, and saw 4 of its levels.

You collected 255 gold pieces.
You spent 143 gold pieces at shops.

Inventory:

Hand Weapons
 a - a +0 hand axe (weapon)
Armour
 b - a +0 animal skin (worn)
Scrolls
 c - 2 scrolls of identify {unknown}
 d - a scroll of teleportation
 g - a scroll of fog {unknown}
 o - a scroll of magic mapping {unknown}
 p - a scroll of enchant armour {unknown}
 r - 3 scrolls of vulnerability {unknown}
 u - a scroll of noise {unknown}
Potions
 e - a potion of degeneration {unknown}
 f - a potion of resistance {unknown}
 h - a potion of ambrosia {unknown}
 i - 2 potions of flight {unknown}
 j - 2 potions of cancellation {unknown}
 k - a potion of invisibility
 l - a potion of heal wounds {unknown}
 m - 2 potions of mutation {unknown}
 n - a potion of attraction {unknown}
 q - a potion of lignification {unknown}
 s - a potion of curing
 t - a potion of might {unknown}


   Skills:
 + Level 4.8 Fighting
 * Level 5.8 Axes
 + Level 4.0 Armour
 - Level 2.1 Dodging
 + Level 2.6 Unarmed Combat


You had 4 spell levels left.
You didn't know any spells.
Your spell library was empty.

Dungeon Overview and Level Annotations

Branches:
Dungeon (4/15)
 Temple: D:4-7

Altars:

Shops:
D:1 *


Innate Abilities, Weirdness & Mutations

You have a pair of horns on your head.
You reflexively headbutt those who attack you in melee.


Message History

The killer bee is almost dead.
You closely miss the killer bee. You miss the killer bee.
You feel sick. The killer bee barely misses you. The killer bee stings you!
You are more poisoned.
The killer bee poisons you! The killer bee stings you.
You are more poisoned.
The killer bee poisons you! The killer bee stings you!
You are too injured to fight recklessly!
You are too injured to fight recklessly!
You are too injured to fight recklessly!
You are too injured to fight recklessly!
You are too injured to fight recklessly!
You are too injured to fight recklessly!
You are too injured to fight recklessly!
You are too injured to fight recklessly!
You miss the killer bee. You closely miss the killer bee.
You miss the killer bee.
You feel very sick. The killer bee stings you!
* * * LOW HITPOINT WARNING * * *
The killer bee misses you. The killer bee closely misses you.
The killer bee stings you.
* * * LOW HITPOINT WARNING * * *
You miss the killer bee. You headbutt the killer bee!
The killer bee is heavily wounded.
You barely miss the killer bee. You miss the killer bee.
* * * LOW HITPOINT WARNING * * *
You feel very sick. The killer bee completely misses you.
You furiously retaliate!
You headbutt the killer bee!
You kill the killer bee!
Trog accepts your kill. The killer bee barely misses you.
Your Armour skill increases to level 4!
You barely miss the killer bee.
The killer bee is almost dead.
You closely miss the killer bee. You miss the killer bee.
* * * LOW HITPOINT WARNING * * *
You feel sick. The killer bee stings you!
You die...

#<# #.## ...# ##.# ####
?#.# .... ##.# ##..# ...#
... .###
#.#########y#.#.## .#
#.##......@yyB...# .#
#.##.######y#.#... .#
#.##.#######.. .#
#.#........#### .#
#.#..#####.# .######.#..#
#.## ...........#####..#
...............##.# .
..#####.##.###.##.####...


You could see 4 killer bees and a giant cockroach.

Vanquished Creatures
  A killer bee (D:4)
  A centaur skeleton (D:4)
  Natasha (thrice) (D:3)
  A hound skeleton (D:4)
  Robin (D:3)
  3 adders
  An adder skeleton (D:4)
  6 ball pythons
  6 bats
  3 endoplasms
  A giant cockroach (D:1)
  15 goblins
  6 hobgoblins
  7 jackals
  2 quokkas (D:3)
  A frilled lizard (D:1)
  6 kobolds
  3 rats
67 creatures vanquished.

Notes
Turn   | Place    | Note
-------+----------+-------------------------------------------
     0 | D:1      | sanboga the Minotaur Berserker began the quest for the Orb.
     0 | D:1      | Reached XP level 1. HP: 19/19 MP: 0/0
   102 | D:1      | Found Ichip's General Store.
   150 | D:1      | Bought a scroll of teleportation for 39 gold pieces
   361 | D:1      | Reached XP level 2. HP: 22/27 MP: 1/1
   430 | D:1      | Reached skill level 4 in Axes
   803 | D:1      | Bought a potion of invisibility for 104 gold pieces
   976 | D:2      | Reached skill level 1 in Unarmed Combat
  1055 | D:2      | You fall into a shaft and drop 1 floor!
  1366 | D:2      | Reached XP level 3. HP: 32/33 MP: 2/2
  1370 | D:2      | Reached ** piety under Trog
  1440 | D:2      | Found a faded altar of an unknown god.
  1997 | D:3      | Noticed Robin
  2007 | D:3      | Killed Robin
  2127 | D:3      | Reached XP level 4. HP: 40/40 MP: 3/3
  2543 | D:3      | Noticed Natasha
  2547 | D:3      | Killed Natasha
  2548 | D:3      | Reached skill level 5 in Axes
  2568 | D:3      | Noticed Natasha
  2574 | D:3      | Killed Natasha
  2575 | D:3      | Reached XP level 5. HP: 38/47 MP: 4/4
  3108 | D:3      | Noticed Natasha
  3120 | D:3      | Killed Natasha
  3386 | D:4      | Slain by a killer bee

Illustrated notes

Levels and vault maps discovered:
D:1:      amcnicky_arrival_abandoned_market, layout_basic, serial_shops,
          shop_coins
D:2:      layout_basic, basic_ecumenical_altar, dk_noncrumbling_4
D:3:      layout_basic, serial_curves, eino_curves_03, eino_curves_04,
          uniq_robin, uniq_natasha
D:4:      layout_loops_ring, item_on_display_a

Skill      XL: |  1  2  3  4  5 |
---------------+----------------+-----
Axes           | 4 5 |  5.8
Unarmed Combat | 1 2 |  2.6
Fighting       | 4 |  4.8
Armour         | 3 4 |  4.0
Dodging        | |  2.1

Action                   |  1- 3 |  4- 6 || total
-------------------------+-------+-------++-------
Melee: Hand axe          |    65 |    64 ||   129
       Headbutt          |     7 |    16 ||    23
       Punch             |       |     1 ||     1
Invok: Berserk           |     2 |     1 ||     3
Armor: Animal skin       |    13 |    10 ||    23
Dodge: Dodged            |    50 |    49 ||    99
